 Dungeon Crawl Stone Soup version 0.25-a0-87-ga3d287bc14 (webtiles) character file.

Game seed: 3191881376564616849, levelgen mode: deterministic

0 Gargoyl the Skirmisher (level 1, -2/19 HPs)
             Began as a Centaur Abyssal Knight on Nov 10, 2019.
             Was a Follower of Lugonu.
             Slain by a ynoxinul (10 damage)
             ... on level 1 of the Abyss.
             The game lasted 00:00:28 (127 turns).

Gargoyl the Skirmisher (Centaur Abyssal Knight)      Turns: 127, Time: 00:00:28

Health: -2/19      AC:  4    Str: 14    XL:     1   Next: 0%
Magic:  2/2        EV:  9    Int: 11    God:    Lugonu [*.....]
Gold:   13         SH:  0    Dex:  8    Spells: 0/0 levels left

rFire    . . .     SeeInvis .   a - +1 hand axe
rCold    . . .     Gourm    .   (no shield)
rNeg     . . .     Faith    .   b - +0 leather armour
rPois    .         Spirit   .   (no helmet)
rElec    .         Reflect  .   (no cloak)
rCorr    .         Harm     .   (no gloves)
MR       .....                  (no barding)
Stlth    ..........             (no amulet)
HPRegen  0.06/turn              (no ring)
MPRegen  0.08/turn              (no ring)

@: very quick
A: large, hooves 3, deformed body, speed 2, tough skin 3
a: Depart the Abyss, Renounce Religion


You were on level 1 of the Abyss.
You worshipped Lugonu.
Lugonu was aware of your devotion.
You were not hungry.

You visited 0 branches of the dungeon, and saw 0 of its levels.
You visited the Abyss 1 time.

You collected 13 gold pieces.

Inventory:

Hand Weapons
 a - a +1 hand axe (weapon)
Armour
 b - a +0 leather armour (worn)
Comestibles
 c - a ration


   Skills:
 + Level 3.0 Fighting
 + Level 1.7 Axes
 + Level 1.3 Armour
 + Level 0.6 Dodging
 + Level 2.0 Invocations


You couldn't memorise any spells.
You didn't know any spells.
Your spell library was empty.

Dungeon Overview and Level Annotations

Branches:
Dungeon (0/15)

Altars:


Innate Abilities, Weirdness & Mutations

You have hooves in place of feet.
Armour fits poorly on your strangely shaped body.
You cover ground very quickly.
You have extremely tough skin. (AC +3)


Message History

You closely miss the lurking horror.
The lurking horror explodes!
Your body is wracked with pain!
A blink frog comes into view.
The blink frog gives a loud, deep croak!
Found 16 arrows.
A ynoxinul comes into view.
The ynoxinul bellows!
You hear a bark!
A raiju comes into view.
The raiju barks!
A flying skull comes into view.
Found a robe and a ration.
The ynoxinul gestures.
Unknown command.
You closely miss the ynoxinul. You kick the ynoxinul.
The ynoxinul is lightly wounded.
You hit the ufetubus. The ufetubus misses you. The ufetubus hits you.
The ynoxinul hits you!
Ouch! That really hurt!
You die...

#. .# #% # ยง#h
. .. #.... ..
.#.#..# z.
...[#.### . #.
. .
#..##5.#....#..
##.##
#.#.3...#.#..
#$# ..
##(5@5##.#.#.#
... ..
#....#..#....#
###.#.
#..###.......##
#... ... .
##..###### # .
# #..#.....# #
. . #..##F#####
##.X .# ##
###......# .
#X#.# #.
###...###.#...
# # #.#
#.#.#...#..# .
##.#


You could see a blink frog, a ynoxinul and 3 ufetubi.

Vanquished Creatures (others)
  A lurking horror (Abyss:1)
1 creature vanquished.

Notes
Turn   | Place    | Note
-------+----------+-------------------------------------------
     0 | Abyss:1  | Gargoyl the Centaur Abyssal Knight began the quest for the
                  | Orb.
     0 | Abyss:1  | Reached XP level 1. HP: 19/19 MP: 2/2
    10 | Abyss:1  | Found a corrupted altar of Lugonu.
    56 | Abyss:1  | Noticed a large abomination
    81 | Abyss:1  | Noticed a small abomination
    83 | Abyss:1  | Noticed a small abomination
   102 | Abyss:1  | Noticed a large abomination
   113 | Abyss:1  | Noticed a blink frog
   124 | Abyss:1  | Noticed a ynoxinul
   125 | Abyss:1  | Noticed a raiju
   125 | Abyss:1  | Noticed a flying skull
   127 | Abyss:1  | Slain by a ynoxinul

Levels and vault maps discovered:
Abyss:1

Action                   || total
-------------------------++-------
Melee: Hand axe          ||     2
       Kick              ||     1
Dodge: Dodged            ||     1

Table legend:
 A = Non-vault XP
 B = Vault XP
 C = Vault XP percentage of total XP
 D = Non-vault monster count
 E = Vault monster count
 F = Vault count percentage of total count
                 A         B        C        D         E       F
            +---------+---------+-------+---------+---------+-------
      Total |       0 |       0 |   N/A |       0 |       0 |  -nan
            +---------+---------+-------+---------+---------+-------
            +---------+---------+-------+---------+---------+-------
